%YAML 1.1
%TAG !u! tag:unity3d.com,2011:
--- !u!1 &2189329589817897175
GameObject:
  m_ObjectHideFlags: 0
  m_CorrespondingSourceObject: {fileID: 0}
  m_PrefabInstance: {fileID: 0}
  m_PrefabAsset: {fileID: 0}
  serializedVersion: 6
  m_Component:
  - component: {fileID: 2189329589817897174}
  m_Layer: 0
  m_Name: BCluster4
  m_TagString: Untagged
  m_Icon: {fileID: 0}
  m_NavMeshLayer: 0
  m_StaticEditorFlags: 0
  m_IsActive: 1
--- !u!4 &2189329589817897174
Transform:
  m_ObjectHideFlags: 0
  m_CorrespondingSourceObject: {fileID: 0}
  m_PrefabInstance: {fileID: 0}
  m_PrefabAsset: {fileID: 0}
  m_GameObject: {fileID: 2189329589817897175}
  m_LocalRotation: {x: 0, y: 0, z: 0, w: 1}
  m_LocalPosition: {x: 0, y: 0, z: 0}
  m_LocalScale: {x: 1, y: 1, z: 1}
  m_Children:
  - {fileID: 9070218142258728855}
  m_Father: {fileID: 0}
  m_RootOrder: 0
  m_LocalEulerAnglesHint: {x: 0, y: 0, z: 0}
--- !u!1 &3916607845275374491
GameObject:
  m_ObjectHideFlags: 0
  m_CorrespondingSourceObject: {fileID: 0}
  m_PrefabInstance: {fileID: 0}
  m_PrefabAsset: {fileID: 0}
  serializedVersion: 6
  m_Component:
  - component: {fileID: 9070218142258728855}
  - component: {fileID: 5091986955788465453}
  m_Layer: 0
  m_Name: Poravnavanje
  m_TagString: Untagged
  m_Icon: {fileID: 0}
  m_NavMeshLayer: 0
  m_StaticEditorFlags: 0
  m_IsActive: 1
--- !u!4 &9070218142258728855
Transform:
  m_ObjectHideFlags: 0
  m_CorrespondingSourceObject: {fileID: 0}
  m_PrefabInstance: {fileID: 0}
  m_PrefabAsset: {fileID: 0}
  m_GameObject: {fileID: 3916607845275374491}
  m_LocalRotation: {x: -0, y: -0, z: -0, w: 1}
  m_LocalPosition: {x: 0, y: 0, z: 0}
  m_LocalScale: {x: 1, y: 1, z: 1}
  m_Children:
  - {fileID: 422755945609243117}
  - {fileID: 2020627363131244112}
  - {fileID: 5828495523531869861}
  - {fileID: 1232157944070673020}
  - {fileID: 4952860508188186134}
  - {fileID: 4231684617387212433}
  m_Father: {fileID: 2189329589817897174}
  m_RootOrder: 0
  m_LocalEulerAnglesHint: {x: 0, y: 0, z: 0}
--- !u!156049354 &5091986955788465453
Grid:
  m_ObjectHideFlags: 0
  m_CorrespondingSourceObject: {fileID: 0}
  m_PrefabInstance: {fileID: 0}
  m_PrefabAsset: {fileID: 0}
  m_GameObject: {fileID: 3916607845275374491}
  m_Enabled: 1
  m_CellSize: {x: 0.01, y: 0.01, z: 0.01}
  m_CellGap: {x: 0, y: 0, z: 0}
  m_CellLayout: 0
  m_CellSwizzle: 0
--- !u!114 &1230257535789633668
MonoBehaviour:
  m_ObjectHideFlags: 0
  m_CorrespondingSourceObject: {fileID: 0}
  m_PrefabInstance: {fileID: 0}
  m_PrefabAsset: {fileID: 0}
  m_GameObject: {fileID: 4231684617387212432}
  m_Enabled: 1
  m_EditorHideFlags: 0
  m_Script: {fileID: 11500000, guid: 48f4093a8eab6da4893e6f133cd8690a, type: 3}
  m_Name: 
  m_EditorClassIdentifier: 
--- !u!114 &7705731071134895770
MonoBehaviour:
  m_ObjectHideFlags: 0
  m_CorrespondingSourceObject: {fileID: 0}
  m_PrefabInstance: {fileID: 0}
  m_PrefabAsset: {fileID: 0}
  m_GameObject: {fileID: 4952860508188186135}
  m_Enabled: 1
  m_EditorHideFlags: 0
  m_Script: {fileID: 11500000, guid: 48f4093a8eab6da4893e6f133cd8690a, type: 3}
  m_Name: 
  m_EditorClassIdentifier: 
--- !u!114 &6920100061677574552
MonoBehaviour:
  m_ObjectHideFlags: 0
  m_CorrespondingSourceObject: {fileID: 0}
  m_PrefabInstance: {fileID: 0}
  m_PrefabAsset: {fileID: 0}
  m_GameObject: {fileID: 5828495523531869860}
  m_Enabled: 1
  m_EditorHideFlags: 0
  m_Script: {fileID: 11500000, guid: 38d32a2f82ec1de47aedfc84b1a0367c, type: 3}
  m_Name: 
  m_EditorClassIdentifier: 
--- !u!1001 &165910525207962461
PrefabInstance:
  m_ObjectHideFlags: 0
  serializedVersion: 2
  m_Modification:
    m_TransformParent: {fileID: 9070218142258728855}
    m_Modifications:
    - target: {fileID: 1393001661345493280, guid: e5255264593b7a34599c0a281c8d5877,
        type: 3}
      propertyPath: m_Name
      value: Room TLR (1)
      objectReference: {fileID: 0}
    - target: {fileID: 1393001661345493281, guid: e5255264593b7a34599c0a281c8d5877,
        type: 3}
      propertyPath: m_LocalPosition.x
      value: 0
      objectReference: {fileID: 0}
    - target: {fileID: 1393001661345493281, guid: e5255264593b7a34599c0a281c8d5877,
        type: 3}
      propertyPath: m_LocalPosition.y
      value: -4
      objectReference: {fileID: 0}
    - target: {fileID: 1393001661345493281, guid: e5255264593b7a34599c0a281c8d5877,
        type: 3}
      propertyPath: m_LocalPosition.z
      value: 0
      objectReference: {fileID: 0}
    - target: {fileID: 1393001661345493281, guid: e5255264593b7a34599c0a281c8d5877,
        type: 3}
      propertyPath: m_LocalRotation.x
      value: 0
      objectReference: {fileID: 0}
    - target: {fileID: 1393001661345493281, guid: e5255264593b7a34599c0a281c8d5877,
        type: 3}
      propertyPath: m_LocalRotation.y
      value: 0
      objectReference: {fileID: 0}
    - target: {fileID: 1393001661345493281, guid: e5255264593b7a34599c0a281c8d5877,
        type: 3}
      propertyPath: m_LocalRotation.z
      value: 0
      objectReference: {fileID: 0}
    - target: {fileID: 1393001661345493281, guid: e5255264593b7a34599c0a281c8d5877,
        type: 3}
      propertyPath: m_LocalRotation.w
      value: 1
      objectReference: {fileID: 0}
    - target: {fileID: 1393001661345493281, guid: e5255264593b7a34599c0a281c8d5877,
        type: 3}
      propertyPath: m_RootOrder
      value: 3
      objectReference: {fileID: 0}
    - target: {fileID: 1393001661345493281, guid: e5255264593b7a34599c0a281c8d5877,
        type: 3}
      propertyPath: m_LocalEulerAnglesHint.x
      value: 0
      objectReference: {fileID: 0}
    - target: {fileID: 1393001661345493281, guid: e5255264593b7a34599c0a281c8d5877,
        type: 3}
      propertyPath: m_LocalEulerAnglesHint.y
      value: 0
      objectReference: {fileID: 0}
    - target: {fileID: 1393001661345493281, guid: e5255264593b7a34599c0a281c8d5877,
        type: 3}
      propertyPath: m_LocalEulerAnglesHint.z
      value: 0
      objectReference: {fileID: 0}
    - target: {fileID: 168654051577641549, guid: e5255264593b7a34599c0a281c8d5877,
        type: 3}
      propertyPath: reachable
      value: 0
      objectReference: {fileID: 0}
    - target: {fileID: 168654051577641549, guid: e5255264593b7a34599c0a281c8d5877,
        type: 3}
      propertyPath: securityAddon
      value: 
      objectReference: {fileID: 2394936136906665646}
    - target: {fileID: 79257473478991533, guid: e5255264593b7a34599c0a281c8d5877,
        type: 3}
      propertyPath: securityAddon
      value: 
      objectReference: {fileID: 7668405081940084362}
    - target: {fileID: 8125932780189786902, guid: e5255264593b7a34599c0a281c8d5877,
        type: 3}
      propertyPath: reachable
      value: 0
      objectReference: {fileID: 0}
    - target: {fileID: 8125932780189786902, guid: e5255264593b7a34599c0a281c8d5877,
        type: 3}
      propertyPath: alwaysRegular
      value: 1
      objectReference: {fileID: 0}
    - target: {fileID: 8125932780189786902, guid: e5255264593b7a34599c0a281c8d5877,
        type: 3}
      propertyPath: securityAddon
      value: 
      objectReference: {fileID: 572980958846023007}
    m_RemovedComponents: []
  m_SourcePrefab: {fileID: 100100000, guid: e5255264593b7a34599c0a281c8d5877, type: 3}
--- !u!4 &1232157944070673020 stripped
Transform:
  m_CorrespondingSourceObject: {fileID: 1393001661345493281, guid: e5255264593b7a34599c0a281c8d5877,
    type: 3}
  m_PrefabInstance: {fileID: 165910525207962461}
  m_PrefabAsset: {fileID: 0}
--- !u!1 &2394936136906665646 stripped
GameObject:
  m_CorrespondingSourceObject: {fileID: 2554080866570964467, guid: e5255264593b7a34599c0a281c8d5877,
    type: 3}
  m_PrefabInstance: {fileID: 165910525207962461}
  m_PrefabAsset: {fileID: 0}
--- !u!1 &572980958846023007 stripped
GameObject:
  m_CorrespondingSourceObject: {fileID: 413994282115962370, guid: e5255264593b7a34599c0a281c8d5877,
    type: 3}
  m_PrefabInstance: {fileID: 165910525207962461}
  m_PrefabAsset: {fileID: 0}
--- !u!1 &7668405081940084362 stripped
GameObject:
  m_CorrespondingSourceObject: {fileID: 7504909533929678295, guid: e5255264593b7a34599c0a281c8d5877,
    type: 3}
  m_PrefabInstance: {fileID: 165910525207962461}
  m_PrefabAsset: {fileID: 0}
--- !u!1001 &2426742614774655252
PrefabInstance:
  m_ObjectHideFlags: 0
  serializedVersion: 2
  m_Modification:
    m_TransformParent: {fileID: 9070218142258728855}
    m_Modifications:
    - target: {fileID: 2625717081278709991, guid: 8abdde931c053eb4090664baa3fdfc7c,
        type: 3}
      propertyPath: m_Name
      value: WeakWallSpawnPoint
      objectReference: {fileID: 0}
    - target: {fileID: 2625717081278710009, guid: 8abdde931c053eb4090664baa3fdfc7c,
        type: 3}
      propertyPath: m_LocalPosition.x
      value: -2
      objectReference: {fileID: 0}
    - target: {fileID: 2625717081278710009, guid: 8abdde931c053eb4090664baa3fdfc7c,
        type: 3}
      propertyPath: m_LocalPosition.y
      value: -4.84
      objectReference: {fileID: 0}
    - target: {fileID: 2625717081278710009, guid: 8abdde931c053eb4090664baa3fdfc7c,
        type: 3}
      propertyPath: m_LocalPosition.z
      value: 0
      objectReference: {fileID: 0}
    - target: {fileID: 2625717081278710009, guid: 8abdde931c053eb4090664baa3fdfc7c,
        type: 3}
      propertyPath: m_LocalRotation.x
      value: 0
      objectReference: {fileID: 0}
    - target: {fileID: 2625717081278710009, guid: 8abdde931c053eb4090664baa3fdfc7c,
        type: 3}
      propertyPath: m_LocalRotation.y
      value: 0
      objectReference: {fileID: 0}
    - target: {fileID: 2625717081278710009, guid: 8abdde931c053eb4090664baa3fdfc7c,
        type: 3}
      propertyPath: m_LocalRotation.z
      value: 0
      objectReference: {fileID: 0}
    - target: {fileID: 2625717081278710009, guid: 8abdde931c053eb4090664baa3fdfc7c,
        type: 3}
      propertyPath: m_LocalRotation.w
      value: 1
      objectReference: {fileID: 0}
    - target: {fileID: 2625717081278710009, guid: 8abdde931c053eb4090664baa3fdfc7c,
        type: 3}
      propertyPath: m_RootOrder
      value: 0
      objectReference: {fileID: 0}
    - target: {fileID: 2625717081278710009, guid: 8abdde931c053eb4090664baa3fdfc7c,
        type: 3}
      propertyPath: m_LocalEulerAnglesHint.x
      value: 0
      objectReference: {fileID: 0}
    - target: {fileID: 2625717081278710009, guid: 8abdde931c053eb4090664baa3fdfc7c,
        type: 3}
      propertyPath: m_LocalEulerAnglesHint.y
      value: 0
      objectReference: {fileID: 0}
    - target: {fileID: 2625717081278710009, guid: 8abdde931c053eb4090664baa3fdfc7c,
        type: 3}
      propertyPath: m_LocalEulerAnglesHint.z
      value: 0
      objectReference: {fileID: 0}
    - target: {fileID: 2625717081278710008, guid: 8abdde931c053eb4090664baa3fdfc7c,
        type: 3}
      propertyPath: dir
      value: 2
      objectReference: {fileID: 0}
    m_RemovedComponents: []
  m_SourcePrefab: {fileID: 100100000, guid: 8abdde931c053eb4090664baa3fdfc7c, type: 3}
--- !u!4 &422755945609243117 stripped
Transform:
  m_CorrespondingSourceObject: {fileID: 2625717081278710009, guid: 8abdde931c053eb4090664baa3fdfc7c,
    type: 3}
  m_PrefabInstance: {fileID: 2426742614774655252}
  m_PrefabAsset: {fileID: 0}
--- !u!1001 &3021098534576295856
PrefabInstance:
  m_ObjectHideFlags: 0
  serializedVersion: 2
  m_Modification:
    m_TransformParent: {fileID: 9070218142258728855}
    m_Modifications:
    - target: {fileID: 1393001661345493280, guid: e62321f1590584c41a36f9e554c19831,
        type: 3}
      propertyPath: m_Name
      value: Room L (1)
      objectReference: {fileID: 0}
    - target: {fileID: 1393001661345493281, guid: e62321f1590584c41a36f9e554c19831,
        type: 3}
      propertyPath: m_LocalPosition.x
      value: 4
      objectReference: {fileID: 0}
    - target: {fileID: 1393001661345493281, guid: e62321f1590584c41a36f9e554c19831,
        type: 3}
      propertyPath: m_LocalPosition.y
      value: -4
      objectReference: {fileID: 0}
    - target: {fileID: 1393001661345493281, guid: e62321f1590584c41a36f9e554c19831,
        type: 3}
      propertyPath: m_LocalPosition.z
      value: 0
      objectReference: {fileID: 0}
    - target: {fileID: 1393001661345493281, guid: e62321f1590584c41a36f9e554c19831,
        type: 3}
      propertyPath: m_LocalRotation.x
      value: 0
      objectReference: {fileID: 0}
    - target: {fileID: 1393001661345493281, guid: e62321f1590584c41a36f9e554c19831,
        type: 3}
      propertyPath: m_LocalRotation.y
      value: 0
      objectReference: {fileID: 0}
    - target: {fileID: 1393001661345493281, guid: e62321f1590584c41a36f9e554c19831,
        type: 3}
      propertyPath: m_LocalRotation.z
      value: 0
      objectReference: {fileID: 0}
    - target: {fileID: 1393001661345493281, guid: e62321f1590584c41a36f9e554c19831,
        type: 3}
      propertyPath: m_LocalRotation.w
      value: 1
      objectReference: {fileID: 0}
    - target: {fileID: 1393001661345493281, guid: e62321f1590584c41a36f9e554c19831,
        type: 3}
      propertyPath: m_RootOrder
      value: 5
      objectReference: {fileID: 0}
    - target: {fileID: 1393001661345493281, guid: e62321f1590584c41a36f9e554c19831,
        type: 3}
      propertyPath: m_LocalEulerAnglesHint.x
      value: 0
      objectReference: {fileID: 0}
    - target: {fileID: 1393001661345493281, guid: e62321f1590584c41a36f9e554c19831,
        type: 3}
      propertyPath: m_LocalEulerAnglesHint.y
      value: 0
      objectReference: {fileID: 0}
    - target: {fileID: 1393001661345493281, guid: e62321f1590584c41a36f9e554c19831,
        type: 3}
      propertyPath: m_LocalEulerAnglesHint.z
      value: 0
      objectReference: {fileID: 0}
    - target: {fileID: 168654051577641549, guid: e62321f1590584c41a36f9e554c19831,
        type: 3}
      propertyPath: reachable
      value: 0
      objectReference: {fileID: 0}
    - target: {fileID: 168654051577641549, guid: e62321f1590584c41a36f9e554c19831,
        type: 3}
      propertyPath: alwaysRegular
      value: 1
      objectReference: {fileID: 0}
    - target: {fileID: 168654051577641549, guid: e62321f1590584c41a36f9e554c19831,
        type: 3}
      propertyPath: securityAddon
      value: 
      objectReference: {fileID: 764752222768202307}
    m_RemovedComponents: []
  m_SourcePrefab: {fileID: 100100000, guid: e62321f1590584c41a36f9e554c19831, type: 3}
--- !u!1 &4231684617387212432 stripped
GameObject:
  m_CorrespondingSourceObject: {fileID: 1393001661345493280, guid: e62321f1590584c41a36f9e554c19831,
    type: 3}
  m_PrefabInstance: {fileID: 3021098534576295856}
  m_PrefabAsset: {fileID: 0}
--- !u!4 &4231684617387212433 stripped
Transform:
  m_CorrespondingSourceObject: {fileID: 1393001661345493281, guid: e62321f1590584c41a36f9e554c19831,
    type: 3}
  m_PrefabInstance: {fileID: 3021098534576295856}
  m_PrefabAsset: {fileID: 0}
--- !u!1 &764752222768202307 stripped
GameObject:
  m_CorrespondingSourceObject: {fileID: 2554080866570964467, guid: e62321f1590584c41a36f9e554c19831,
    type: 3}
  m_PrefabInstance: {fileID: 3021098534576295856}
  m_PrefabAsset: {fileID: 0}
--- !u!1001 &4069809474994716329
PrefabInstance:
  m_ObjectHideFlags: 0
  serializedVersion: 2
  m_Modification:
    m_TransformParent: {fileID: 9070218142258728855}
    m_Modifications:
    - target: {fileID: 2625717081278709991, guid: 8abdde931c053eb4090664baa3fdfc7c,
        type: 3}
      propertyPath: m_Name
      value: WeakWallSpawnPoint (1)
      objectReference: {fileID: 0}
    - target: {fileID: 2625717081278710009, guid: 8abdde931c053eb4090664baa3fdfc7c,
        type: 3}
      propertyPath: m_LocalPosition.x
      value: 2
      objectReference: {fileID: 0}
    - target: {fileID: 2625717081278710009, guid: 8abdde931c053eb4090664baa3fdfc7c,
        type: 3}
      propertyPath: m_LocalPosition.y
      value: -3.53
      objectReference: {fileID: 0}
    - target: {fileID: 2625717081278710009, guid: 8abdde931c053eb4090664baa3fdfc7c,
        type: 3}
      propertyPath: m_LocalPosition.z
      value: 0
      objectReference: {fileID: 0}
    - target: {fileID: 2625717081278710009, guid: 8abdde931c053eb4090664baa3fdfc7c,
        type: 3}
      propertyPath: m_LocalRotation.x
      value: 0
      objectReference: {fileID: 0}
    - target: {fileID: 2625717081278710009, guid: 8abdde931c053eb4090664baa3fdfc7c,
        type: 3}
      propertyPath: m_LocalRotation.y
      value: 0
      objectReference: {fileID: 0}
    - target: {fileID: 2625717081278710009, guid: 8abdde931c053eb4090664baa3fdfc7c,
        type: 3}
      propertyPath: m_LocalRotation.z
      value: 0
      objectReference: {fileID: 0}
    - target: {fileID: 2625717081278710009, guid: 8abdde931c053eb4090664baa3fdfc7c,
        type: 3}
      propertyPath: m_LocalRotation.w
      value: 1
      objectReference: {fileID: 0}
    - target: {fileID: 2625717081278710009, guid: 8abdde931c053eb4090664baa3fdfc7c,
        type: 3}
      propertyPath: m_RootOrder
      value: 1
      objectReference: {fileID: 0}
    - target: {fileID: 2625717081278710009, guid: 8abdde931c053eb4090664baa3fdfc7c,
        type: 3}
      propertyPath: m_LocalEulerAnglesHint.x
      value: 0
      objectReference: {fileID: 0}
    - target: {fileID: 2625717081278710009, guid: 8abdde931c053eb4090664baa3fdfc7c,
        type: 3}
      propertyPath: m_LocalEulerAnglesHint.y
      value: 0
      objectReference: {fileID: 0}
    - target: {fileID: 2625717081278710009, guid: 8abdde931c053eb4090664baa3fdfc7c,
        type: 3}
      propertyPath: m_LocalEulerAnglesHint.z
      value: 0
      objectReference: {fileID: 0}
    - target: {fileID: 2625717081278710008, guid: 8abdde931c053eb4090664baa3fdfc7c,
        type: 3}
      propertyPath: dir
      value: 2
      objectReference: {fileID: 0}
    m_RemovedComponents: []
  m_SourcePrefab: {fileID: 100100000, guid: 8abdde931c053eb4090664baa3fdfc7c, type: 3}
--- !u!4 &2020627363131244112 stripped
Transform:
  m_CorrespondingSourceObject: {fileID: 2625717081278710009, guid: 8abdde931c053eb4090664baa3fdfc7c,
    type: 3}
  m_PrefabInstance: {fileID: 4069809474994716329}
  m_PrefabAsset: {fileID: 0}
--- !u!1001 &4879111904432537476
PrefabInstance:
  m_ObjectHideFlags: 0
  serializedVersion: 2
  m_Modification:
    m_TransformParent: {fileID: 9070218142258728855}
    m_Modifications:
    - target: {fileID: 1393001661345493280, guid: 2173a19299d61484497669f313bb52b2,
        type: 3}
      propertyPath: m_Name
      value: Room TB (1)
      objectReference: {fileID: 0}
    - target: {fileID: 1393001661345493281, guid: 2173a19299d61484497669f313bb52b2,
        type: 3}
      propertyPath: m_LocalPosition.x
      value: 0
      objectReference: {fileID: 0}
    - target: {fileID: 1393001661345493281, guid: 2173a19299d61484497669f313bb52b2,
        type: 3}
      propertyPath: m_LocalPosition.y
      value: 0
      objectReference: {fileID: 0}
    - target: {fileID: 1393001661345493281, guid: 2173a19299d61484497669f313bb52b2,
        type: 3}
      propertyPath: m_LocalPosition.z
      value: 0
      objectReference: {fileID: 0}
    - target: {fileID: 1393001661345493281, guid: 2173a19299d61484497669f313bb52b2,
        type: 3}
      propertyPath: m_LocalRotation.x
      value: 0
      objectReference: {fileID: 0}
    - target: {fileID: 1393001661345493281, guid: 2173a19299d61484497669f313bb52b2,
        type: 3}
      propertyPath: m_LocalRotation.y
      value: 0
      objectReference: {fileID: 0}
    - target: {fileID: 1393001661345493281, guid: 2173a19299d61484497669f313bb52b2,
        type: 3}
      propertyPath: m_LocalRotation.z
      value: 0
      objectReference: {fileID: 0}
    - target: {fileID: 1393001661345493281, guid: 2173a19299d61484497669f313bb52b2,
        type: 3}
      propertyPath: m_LocalRotation.w
      value: 1
      objectReference: {fileID: 0}
    - target: {fileID: 1393001661345493281, guid: 2173a19299d61484497669f313bb52b2,
        type: 3}
      propertyPath: m_RootOrder
      value: 2
      objectReference: {fileID: 0}
    - target: {fileID: 1393001661345493281, guid: 2173a19299d61484497669f313bb52b2,
        type: 3}
      propertyPath: m_LocalEulerAnglesHint.x
      value: 0
      objectReference: {fileID: 0}
    - target: {fileID: 1393001661345493281, guid: 2173a19299d61484497669f313bb52b2,
        type: 3}
      propertyPath: m_LocalEulerAnglesHint.y
      value: 0
      objectReference: {fileID: 0}
    - target: {fileID: 1393001661345493281, guid: 2173a19299d61484497669f313bb52b2,
        type: 3}
      propertyPath: m_LocalEulerAnglesHint.z
      value: 0
      objectReference: {fileID: 0}
    - target: {fileID: 1719405898680309038, guid: 2173a19299d61484497669f313bb52b2,
        type: 3}
      propertyPath: reachable
      value: 0
      objectReference: {fileID: 0}
    - target: {fileID: 1719405898680309038, guid: 2173a19299d61484497669f313bb52b2,
        type: 3}
      propertyPath: alwaysRegular
      value: 1
      objectReference: {fileID: 0}
    - target: {fileID: 1719405898680309038, guid: 2173a19299d61484497669f313bb52b2,
        type: 3}
      propertyPath: securityAddon
      value: 
      objectReference: {fileID: 2289733064019754459}
    - target: {fileID: 8125932780189786902, guid: 2173a19299d61484497669f313bb52b2,
        type: 3}
      propertyPath: reachable
      value: 0
      objectReference: {fileID: 0}
    - target: {fileID: 8125932780189786902, guid: 2173a19299d61484497669f313bb52b2,
        type: 3}
      propertyPath: alwaysRegular
      value: 1
      objectReference: {fileID: 0}
    - target: {fileID: 8125932780189786902, guid: 2173a19299d61484497669f313bb52b2,
        type: 3}
      propertyPath: securityAddon
      value: 
      objectReference: {fileID: 5046525232203180422}
    m_RemovedComponents: []
  m_SourcePrefab: {fileID: 100100000, guid: 2173a19299d61484497669f313bb52b2, type: 3}
--- !u!1 &5828495523531869860 stripped
GameObject:
  m_CorrespondingSourceObject: {fileID: 1393001661345493280, guid: 2173a19299d61484497669f313bb52b2,
    type: 3}
  m_PrefabInstance: {fileID: 4879111904432537476}
  m_PrefabAsset: {fileID: 0}
--- !u!4 &5828495523531869861 stripped
Transform:
  m_CorrespondingSourceObject: {fileID: 1393001661345493281, guid: 2173a19299d61484497669f313bb52b2,
    type: 3}
  m_PrefabInstance: {fileID: 4879111904432537476}
  m_PrefabAsset: {fileID: 0}
--- !u!1 &5046525232203180422 stripped
GameObject:
  m_CorrespondingSourceObject: {fileID: 413994282115962370, guid: 2173a19299d61484497669f313bb52b2,
    type: 3}
  m_PrefabInstance: {fileID: 4879111904432537476}
  m_PrefabAsset: {fileID: 0}
--- !u!1 &2289733064019754459 stripped
GameObject:
  m_CorrespondingSourceObject: {fileID: 6661055271320257119, guid: 2173a19299d61484497669f313bb52b2,
    type: 3}
  m_PrefabInstance: {fileID: 4879111904432537476}
  m_PrefabAsset: {fileID: 0}
--- !u!1001 &5593766488808754527
PrefabInstance:
  m_ObjectHideFlags: 0
  serializedVersion: 2
  m_Modification:
    m_TransformParent: {fileID: 4231684617387212433}
    m_Modifications:
    - target: {fileID: 3345791331310210541, guid: ade07b99e5bffac48ad00d520f67c0fd,
        type: 3}
      propertyPath: m_Name
      value: KeySpawn
      objectReference: {fileID: 0}
    - target: {fileID: 5057191478908044712, guid: ade07b99e5bffac48ad00d520f67c0fd,
        type: 3}
      propertyPath: m_LocalPosition.x
      value: -0.79999995
      objectReference: {fileID: 0}
    - target: {fileID: 5057191478908044712, guid: ade07b99e5bffac48ad00d520f67c0fd,
        type: 3}
      propertyPath: m_LocalPosition.y
      value: -0.84000015
      objectReference: {fileID: 0}
    - target: {fileID: 5057191478908044712, guid: ade07b99e5bffac48ad00d520f67c0fd,
        type: 3}
      propertyPath: m_LocalPosition.z
      value: 0
      objectReference: {fileID: 0}
    - target: {fileID: 5057191478908044712, guid: ade07b99e5bffac48ad00d520f67c0fd,
        type: 3}
      propertyPath: m_LocalRotation.x
      value: 0
      objectReference: {fileID: 0}
    - target: {fileID: 5057191478908044712, guid: ade07b99e5bffac48ad00d520f67c0fd,
        type: 3}
      propertyPath: m_LocalRotation.y
      value: 0
      objectReference: {fileID: 0}
    - target: {fileID: 5057191478908044712, guid: ade07b99e5bffac48ad00d520f67c0fd,
        type: 3}
      propertyPath: m_LocalRotation.z
      value: 0
      objectReference: {fileID: 0}
    - target: {fileID: 5057191478908044712, guid: ade07b99e5bffac48ad00d520f67c0fd,
        type: 3}
      propertyPath: m_LocalRotation.w
      value: 1
      objectReference: {fileID: 0}
    - target: {fileID: 5057191478908044712, guid: ade07b99e5bffac48ad00d520f67c0fd,
        type: 3}
      propertyPath: m_RootOrder
      value: 1
      objectReference: {fileID: 0}
    - target: {fileID: 5057191478908044712, guid: ade07b99e5bffac48ad00d520f67c0fd,
        type: 3}
      propertyPath: m_LocalEulerAnglesHint.x
      value: 0
      objectReference: {fileID: 0}
    - target: {fileID: 5057191478908044712, guid: ade07b99e5bffac48ad00d520f67c0fd,
        type: 3}
      propertyPath: m_LocalEulerAnglesHint.y
      value: 0
      objectReference: {fileID: 0}
    - target: {fileID: 5057191478908044712, guid: ade07b99e5bffac48ad00d520f67c0fd,
        type: 3}
      propertyPath: m_LocalEulerAnglesHint.z
      value: 0
      objectReference: {fileID: 0}
    m_RemovedComponents: []
  m_SourcePrefab: {fileID: 100100000, guid: ade07b99e5bffac48ad00d520f67c0fd, type: 3}
--- !u!1001 &6334585302997854007
PrefabInstance:
  m_ObjectHideFlags: 0
  serializedVersion: 2
  m_Modification:
    m_TransformParent: {fileID: 9070218142258728855}
    m_Modifications:
    - target: {fileID: 1393001661345493280, guid: 4ea408aee68bca8479f6d689a9921cf5,
        type: 3}
      propertyPath: m_Name
      value: Room R (1)
      objectReference: {fileID: 0}
    - target: {fileID: 1393001661345493281, guid: 4ea408aee68bca8479f6d689a9921cf5,
        type: 3}
      propertyPath: m_LocalPosition.x
      value: -4
      objectReference: {fileID: 0}
    - target: {fileID: 1393001661345493281, guid: 4ea408aee68bca8479f6d689a9921cf5,
        type: 3}
      propertyPath: m_LocalPosition.y
      value: -4
      objectReference: {fileID: 0}
    - target: {fileID: 1393001661345493281, guid: 4ea408aee68bca8479f6d689a9921cf5,
        type: 3}
      propertyPath: m_LocalPosition.z
      value: 0
      objectReference: {fileID: 0}
    - target: {fileID: 1393001661345493281, guid: 4ea408aee68bca8479f6d689a9921cf5,
        type: 3}
      propertyPath: m_LocalRotation.x
      value: 0
      objectReference: {fileID: 0}
    - target: {fileID: 1393001661345493281, guid: 4ea408aee68bca8479f6d689a9921cf5,
        type: 3}
      propertyPath: m_LocalRotation.y
      value: 0
      objectReference: {fileID: 0}
    - target: {fileID: 1393001661345493281, guid: 4ea408aee68bca8479f6d689a9921cf5,
        type: 3}
      propertyPath: m_LocalRotation.z
      value: 0
      objectReference: {fileID: 0}
    - target: {fileID: 1393001661345493281, guid: 4ea408aee68bca8479f6d689a9921cf5,
        type: 3}
      propertyPath: m_LocalRotation.w
      value: 1
      objectReference: {fileID: 0}
    - target: {fileID: 1393001661345493281, guid: 4ea408aee68bca8479f6d689a9921cf5,
        type: 3}
      propertyPath: m_RootOrder
      value: 4
      objectReference: {fileID: 0}
    - target: {fileID: 1393001661345493281, guid: 4ea408aee68bca8479f6d689a9921cf5,
        type: 3}
      propertyPath: m_LocalEulerAnglesHint.x
      value: 0
      objectReference: {fileID: 0}
    - target: {fileID: 1393001661345493281, guid: 4ea408aee68bca8479f6d689a9921cf5,
        type: 3}
      propertyPath: m_LocalEulerAnglesHint.y
      value: 0
      objectReference: {fileID: 0}
    - target: {fileID: 1393001661345493281, guid: 4ea408aee68bca8479f6d689a9921cf5,
        type: 3}
      propertyPath: m_LocalEulerAnglesHint.z
      value: 0
      objectReference: {fileID: 0}
    - target: {fileID: 79257473478991533, guid: 4ea408aee68bca8479f6d689a9921cf5,
        type: 3}
      propertyPath: reachable
      value: 0
      objectReference: {fileID: 0}
    - target: {fileID: 79257473478991533, guid: 4ea408aee68bca8479f6d689a9921cf5,
        type: 3}
      propertyPath: alwaysRegular
      value: 1
      objectReference: {fileID: 0}
    - target: {fileID: 79257473478991533, guid: 4ea408aee68bca8479f6d689a9921cf5,
        type: 3}
      propertyPath: securityAddon
      value: 
      objectReference: {fileID: 4597678997173355232}
    m_RemovedComponents: []
  m_SourcePrefab: {fileID: 100100000, guid: 4ea408aee68bca8479f6d689a9921cf5, type: 3}
--- !u!1 &4952860508188186135 stripped
GameObject:
  m_CorrespondingSourceObject: {fileID: 1393001661345493280, guid: 4ea408aee68bca8479f6d689a9921cf5,
    type: 3}
  m_PrefabInstance: {fileID: 6334585302997854007}
  m_PrefabAsset: {fileID: 0}
--- !u!4 &4952860508188186134 stripped
Transform:
  m_CorrespondingSourceObject: {fileID: 1393001661345493281, guid: 4ea408aee68bca8479f6d689a9921cf5,
    type: 3}
  m_PrefabInstance: {fileID: 6334585302997854007}
  m_PrefabAsset: {fileID: 0}
--- !u!1 &4597678997173355232 stripped
GameObject:
  m_CorrespondingSourceObject: {fileID: 7504909533929678295, guid: 4ea408aee68bca8479f6d689a9921cf5,
    type: 3}
  m_PrefabInstance: {fileID: 6334585302997854007}
  m_PrefabAsset: {fileID: 0}
--- !u!1001 &8529657677862258115
PrefabInstance:
  m_ObjectHideFlags: 0
  serializedVersion: 2
  m_Modification:
    m_TransformParent: {fileID: 5828495523531869861}
    m_Modifications:
    - target: {fileID: 3345791331310210541, guid: ade07b99e5bffac48ad00d520f67c0fd,
        type: 3}
      propertyPath: m_Name
      value: KeySpawn
      objectReference: {fileID: 0}
    - target: {fileID: 5057191478908044712, guid: ade07b99e5bffac48ad00d520f67c0fd,
        type: 3}
      propertyPath: m_LocalPosition.x
      value: -1.05
      objectReference: {fileID: 0}
    - target: {fileID: 5057191478908044712, guid: ade07b99e5bffac48ad00d520f67c0fd,
        type: 3}
      propertyPath: m_LocalPosition.y
      value: -0.685
      objectReference: {fileID: 0}
    - target: {fileID: 5057191478908044712, guid: ade07b99e5bffac48ad00d520f67c0fd,
        type: 3}
      propertyPath: m_LocalPosition.z
      value: 0
      objectReference: {fileID: 0}
    - target: {fileID: 5057191478908044712, guid: ade07b99e5bffac48ad00d520f67c0fd,
        type: 3}
      propertyPath: m_LocalRotation.x
      value: 0
      objectReference: {fileID: 0}
    - target: {fileID: 5057191478908044712, guid: ade07b99e5bffac48ad00d520f67c0fd,
        type: 3}
      propertyPath: m_LocalRotation.y
      value: 0
      objectReference: {fileID: 0}
    - target: {fileID: 5057191478908044712, guid: ade07b99e5bffac48ad00d520f67c0fd,
        type: 3}
      propertyPath: m_LocalRotation.z
      value: 0
      objectReference: {fileID: 0}
    - target: {fileID: 5057191478908044712, guid: ade07b99e5bffac48ad00d520f67c0fd,
        type: 3}
      propertyPath: m_LocalRotation.w
      value: 1
      objectReference: {fileID: 0}
    - target: {fileID: 5057191478908044712, guid: ade07b99e5bffac48ad00d520f67c0fd,
        type: 3}
      propertyPath: m_RootOrder
      value: 1
      objectReference: {fileID: 0}
    - target: {fileID: 5057191478908044712, guid: ade07b99e5bffac48ad00d520f67c0fd,
        type: 3}
      propertyPath: m_LocalEulerAnglesHint.x
      value: 0
      objectReference: {fileID: 0}
    - target: {fileID: 5057191478908044712, guid: ade07b99e5bffac48ad00d520f67c0fd,
        type: 3}
      propertyPath: m_LocalEulerAnglesHint.y
      value: 0
      objectReference: {fileID: 0}
    - target: {fileID: 5057191478908044712, guid: ade07b99e5bffac48ad00d520f67c0fd,
        type: 3}
      propertyPath: m_LocalEulerAnglesHint.z
      value: 0
      objectReference: {fileID: 0}
    m_RemovedComponents: []
  m_SourcePrefab: {fileID: 100100000, guid: ade07b99e5bffac48ad00d520f67c0fd, type: 3}
